AoeStats
← D

Yucatan

510830214Analyzed
3v3 RM · 1d ago on Oct 2, 2026· 58m 55s· 6 players
Game mode
Random Map
Map size
Normal (6 player)
Population
200
Speed
Normal
Resources
Standard
Victory
Conquest
Starting age
Dark Age
Ending age
Imperial Age
RankedLock teamsTeams togetherTeam positionsShared explorationLock speedFull tech treeHidden civsTurbo modeCheats
Victory
Defeat
🇨🇭 Spanish · Switzerland
774
+14
🇦🇹 Persians · Austria
764
+14
🇨🇭 Khitans · Switzerland
752
+15
🇹🇷 Ethiopians · Türkiye
783
-16
🇹🇷 Wei · Türkiye
771
-16
🇹🇷 Chinese · Türkiye
641
-11
Çerkes
13:51 Feudal Age
14:33 Arson
18:13 Castle Age
16:53 Scale Mail Armor
18:00 Double-Bit Axe
18:31 Horse Collar
19:22 Squires
19:36 Forging
21:23 Bow Saw
29:58 Chain Mail Armor
30:19 Iron Casting
30:19 Elite Skirmisher
32:33 Thumb Ring
36:20 Imperial Age
34:39 Fletching
34:50 Padded Archer Armor
36:17 Bodkin Arrow
36:38 Leather Archer Armor
36:47 Ballistics
39:50 Plate Mail Armor
40:21 Blast Furnace
41:27 Bracer
41:58 Ring Archer Armor
42:48 Elite Shotel Warrior
44:52 Royal Heirs
46:53 Conscription
51:54 Chemistry
53:11 Onager
LuTz
11:58 Feudal Age
12:25 Double-Bit Axe
12:24 Horse Collar
14:59 Bloodlines
19:28 Gold Mining
19:51 Scale Barding Armor
23:23 Castle Age
23:18 Loom
D
5:48 Loom
13:51 Feudal Age
15:37 Double-Bit Axe
16:43 Horse Collar
17:41 Wheelbarrow
17:24 Forging
17:14 Scale Mail Armor
20:57 Castle Age
20:24 Fletching
20:35 Padded Archer Armor
21:23 Stone Mining
21:25 Gold Mining
22:55 Leather Archer Armor
23:04 Bodkin Arrow
Profis
9:17 Loom
11:41 Feudal Age
15:17 Castle Age
13:46 Double-Bit Axe
15:11 Scale Barding Armor
15:08 Padded Archer Armor
15:52 Horse Collar
22:35 Heavy Plow
22:47 Bow Saw
35:51 Imperial Age
38:36 Leather Archer Armor
38:36 Elite Conquistador
39:37 Conscription
39:55 Ring Archer Armor
41:54 Fletching
42:05 Fletching
43:04 Bloodlines
42:55 Husbandry
47:44 Chemistry
47:05 Ballistics
46:46 Bodkin Arrow
46:42 Capped Ram
48:22 Siege Ram
30 sheeps
1:22 Loom
14:46 Feudal Age
17:34 Horse Collar
17:41 Double-Bit Axe
18:35 Wheelbarrow
18:37 Gold Mining
21:02 Castle Age
23:11 Bow Saw
25:34 Hand Cart
25:06 Town Watch
26:25 Heavy Plow
28:34 Town Patrol
32:55 Bloodlines
33:37 Fervor
33:32 Husbandry
33:40 Scale Barding Armor
37:50 Gold Mining
37:50 Stone Mining
39:56 Gold Shaft Mining
39:56 Stone Shaft Mining
40:48 Chain Barding Armor
40:38 Forging
40:19 Fletching
43:04 Imperial Age
41:32 Light Cavalry
42:40 Caravan
43:49 Guilds
44:06 Conscription
43:07 Elite War Elephant
43:10 Cavalier
44:40 Plate Barding Armor
46:37 Hussar
47:56 Iron Casting
47:16 Bodkin Arrow
48:02 Crop Rotation
48:34 Two-Man Saw
51:10 Blast Furnace
51:52 Scale Mail Armor
53:58 Herbal Medicine
55:07 Chemistry
54:18 Masonry
53:31 Savar
57:26 Citadels
57:49 Architecture
58:46 Ballistics
58:21 Murder Holes
58:29 Padded Archer Armor
58:44 Chain Mail Armor
wat!
5:07 Loom
11:57 Feudal Age
13:33 Domestication
13:41 Double-Bit Axe
16:02 Castle Age
16:28 Stone Mining
18:11 Scale Barding Armor
18:16 Forging
20:05 Chain Barding Armor
20:20 Iron Casting
23:56 Pastoralism
31:14 Scale Mail Armor
32:58 Wheelbarrow
32:09 Town Watch
33:04 Fortified Wall
33:22 Husbandry
34:26 Bow Saw
35:10 Ballistics
35:02 Masonry
34:50 Murder Holes
36:10 Iron Casting
36:13 Gold Mining
37:17 Caravan
40:07 Lamellar Armor
39:46 Treadmill Crane
42:48 Chain Mail Armor
45:28 Imperial Age
43:14 Hand Cart
43:09 Squires
42:55 Arson
44:40 Demolition Ship
45:15 Guard Tower
45:15 Gambesons
44:50 Pikeman
45:33 Fletching
45:59 Town Patrol
46:47 Stone Shaft Mining
45:35 Crossbowman
47:25 Chemistry
46:38 Elite Steppe Lancer
48:03 Plate Mail Armor
48:37 Ordo Cavalry
50:29 Heated Shot
51:06 Bodkin Arrow
52:04 Transhumance
54:57 Siege Engineers
54:25 Heavy Camel Rider
54:26 Light Cavalry
55:39 Careening
55:40 Clinker Construction
55:34 Bracer
55:35 Padded Archer Armor
56:10 Plate Barding Armor
56:12 Coinage
55:53 Guilds
55:13 Elite Fire Lancer
55:14 Man-at-Arms
55:31 Elite Skirmisher
55:31 Heavy Cavalry Archer
56:37 Parthian Tactics
56:17 Thumb Ring
55:57 Elite Liao Dao
56:58 Conscription
56:55 Medium Warships
56:42 Capped Ram
57:46 Leather Archer Armor
57:03 Heavy Rocket Cart
Connection lost

Rejoining the realm…

Still unreachable

The connection could not be restored.

Session expired

The server has moved on; the page needs a fresh start.